AoeStats
← Le Soldat Rouge

Arabia

510273395Analyzed
1v1 RM · 12h ago on Sep 30, 2026· 22m 41s· 2 players
Game mode
Random Map
Map size
Tiny (2 player)
Population
200
Speed
Normal
Resources
Standard
Victory
Conquest
Starting age
Dark Age
Ending age
Imperial Age
RankedLock teamsTeams togetherTeam positionsShared explorationLock speedFull tech treeHidden civsTurbo modeCheats
Victory
Defeat
🇨🇳 Spanish · China
1769
+13
🇫🇷 Khitans · France
1693
-13
Le Soldat Rouge
5:53 Loom
8:20 Feudal Age
9:10 Double-Bit Axe
15:08 Fletching
18:18 Padded Archer Armor
21:13 Castle Age
22:14 Bodkin Arrow
22:34 Leather Archer Armor
中等收割
7:49 Loom
9:44 Feudal Age
10:38 Town Watch
16:06 Castle Age
14:57 Horse Collar
Connection lost

Rejoining the realm…

Still unreachable

The connection could not be restored.

Session expired

The server has moved on; the page needs a fresh start.